 Dungeon Crawl Stone Soup version 0.19-GnollCrawlA-1-g03664ee (webtiles) character file.

347 GravitySqueeze the Slasher (level 1, 0/19 HPs)
             Began as a Minotaur Monk on Mar 2, 2017.
             Was a Believer of Nemelex Xobeh.
             Slain by a gnoll (6 damage)
             ... on level 3 of the Dungeon.
             The game lasted 00:06:01 (2968 turns).

GravitySqueeze the Slasher (Minotaur Monk)          Turns: 2968, Time: 00:06:02

Health: 0/19       AC: 12    Str: 15    XL:     1   Next: 0%
Magic:  0/0        EV:  7    Int:  7    God:    Nemelex Xobeh [**....]
Gold:   122        SH:  0    Dex: 12    Spells: 0 memorised, 0 levels left

rFire  . . .     SeeInvis .     a - +0 falchion
rCold  . . .     Gourm    .     g - +0 chain mail
rNeg   . . .     Faith    +     (no shield)
rPois  .         Spirit   .     f - +1 hat
rElec  .         Dismiss  .     (no cloak)
rCorr  .         Reflect  .     (no gloves)
SustAt .         Harm     .     (no boots)
MR     .....     Rnd*Tele +     i - amulet of faith
Stlth  ..........               s - +3 ring of protection
                                w - ring of teleportation

@:
A: retaliatory headbutt, horns 2
a: Renounce Religion


You were on level 3 of the Dungeon.
You worshipped Nemelex Xobeh.
Nemelex Xobeh was pleased with you.
You were not hungry.

You visited 2 branches of the dungeon, and saw 4 of its levels.

You collected 122 gold pieces.

Inventory:

Hand Weapons
 a - a +0 falchion (weapon)
Armour
 f - a +1 hat (worn)
 g - a +0 chain mail (worn)
Jewellery
 h - an uncursed ring of positive energy
 i - an amulet of faith (around neck)
 s - a +3 ring of protection (right hand)
 v - an uncursed ring of sustain attributes
 w - a ring of teleportation (left hand)
Scrolls
 e - a scroll of blinking
 j - 2 scrolls of identify {unknown}
 k - a scroll of recharging {unknown}
 r - 2 scrolls of fog {unknown}
 x - a scroll of random uselessness {unknown}
 z - a scroll of fear {unknown}
Potions
 b - a potion of berserk rage {unknown}
 l - 2 potions of curing {unknown}
 o - 3 potions of lignification {unknown}
 u - a potion of agility {unknown}
Miscellaneous
 q - a plain deck of summoning {drawn: 3}
 t - a plain deck of summoning {drawn: 1}
Comestibles
 c - 2 bread rations
 d - a beef jerky
 n - a meat ration


   Skills:
 + Level 3.6 Fighting
 + Level 3.6 Long Blades
 + Level 3.2 Dodging
 + Level 1.5 Stealth


You couldn't memorise any spells.
You didn't know any spells.

Dungeon Overview and Level Annotations

Branches:
Dungeon (3/15)             Temple (1/1) D:1

Altars:
Ashenzari
Dithmenos
Elyvilon
Fedhas
Gozag
Hepliaklqana
Kikubaaqudgha
Makhleb
Nemelex Xobeh
Okawaru
Pakellas
Sif Muna
Trog
Vehumet
Xom
Yredelemnul


Innate Abilities, Weirdness & Mutations

You reflexively headbutt those who attack you in melee.
You have a pair of horns on your head.


Message History

The gnoll barely misses you. You furiously retaliate!
You headbutt the gnoll. You barely miss the gnoll.
The gnoll is severely wounded.
The gnoll barely misses you.
You riposte.
You barely miss the gnoll. Your headbutt misses the gnoll.
The gnoll is severely wounded.
You hit the gnoll.
The gnoll is almost dead.
The gnoll hits you but does no damage.
You closely miss the gnoll.
The gnoll is almost dead.
The gnoll hits you.
You hit the gnoll but do no damage.
The gnoll is almost dead.
The gnoll hits you but does no damage.
Your chain mail prevents you from hitting the gnoll.
The gnoll is almost dead.
The gnoll hits you.
You die...
Your body glows with a rainbow of weird colours and disappears.

### ########
#.##+##......#
#^...).......#
#......#+###.#
..######.g@.†.#
..'.....)##+###
..###..)..#
#.....#
####.....#
#<.'.....#
####..)..#
#.....# #...###


You could see a gnoll.

Vanquished Creatures
  31 gnolls
31 creatures vanquished.

Vanquished Creatures (collateral kills)
  6 gnolls (D:2)
6 creatures vanquished.

Grand Total: 37 creatures vanquished

Notes
Turn   | Place    | Note
-------+----------+-------------------------------------------
     0 | D:1      | GravitySqueeze the Minotaur Monk began the quest for the Orb.
     0 | D:1      | Reached XP level 1. HP: 19/19 MP: 0/0
  1433 | D:1      | Found a staircase to the Ecumenical Temple.
  1450 | Temple   | Entered the Ecumenical Temple
  1725 | Temple   | Became a worshipper of Nemelex Xobeh the Trickster
  1725 | Temple   | Received a gift from Nemelex Xobeh
  1725 | Temple   | Reached * piety under Nemelex Xobeh
  1725 | Temple   | Received a gift from Nemelex Xobeh
  1725 | Temple   | Reached ** piety under Nemelex Xobeh
  1781 | D:2      | Found a deep blue altar of Sif Muna.
  1855 | D:2      | Received a gift from Nemelex Xobeh
  2175 | D:2      | Received a gift from Nemelex Xobeh
  2968 | D:3      | Slain by a gnoll

Action                   || total
-------------------------++-------
Melee: Falchion          ||   149
       Headbutt          ||    24
Evoke: Deck              ||    20
  Use: Scroll            ||     2
       Potion            ||     2
Armor: Chain mail        ||    63
Dodge: Dodged            ||    46
